 Dungeon Crawl Stone Soup version 0.29.1-2-gbd0b4ee654 (webtiles) character file.

Game seed: 15372741023565930486

3199 Doomgape the Basher (level 9, 0/56 HPs)
             Began as a Gargoyle Fighter on Oct 23, 2022.
             Was an Initiate of Gozag.
             Slain by a two-headed ogre
             ... wielding a +0 giant club
              (27 damage)
             ... on level 9 of the Dungeon.
             The game lasted 00:20:11 (8779 turns).

Doomgape the Basher (Gargoyle Fighter)              Turns: 8779, Time: 00:20:11

Health: 0/56       AC: 19    Str: 35    XL:     9   Next: 96%
Magic:  9/9        EV:  7    Int: 13    God:    Gozag
Gold:   473        SH:  4    Dex:  8    Spells: 8/8 levels left

rFire   . . .      SeeInvis .   h - +1 flail (vorpal)
rCold   . . .      Faith    .   c - +0 buckler
rNeg    + . .      Spirit   .   z - +0 plate armour
rPois   ∞          Reflect  .   (no helmet)
rElec   +          Harm     .   (no cloak)
rCorr   .          Rampage  .   (no gloves)
Will    .....                   (no boots)
Stlth   ..........              (no amulet)
HPRegen 0.18/turn               x - +6 ring of strength
MPRegen 0.11/turn               f - +6 ring of strength

@: studying Throwing
A: sickness immunity, AC +6, negative energy resistance 1, electricity
resistance, torment resistance 1, petrification resistance, clever 1
a: Renounce Religion, Potion Petition, Call Merchant, Bribe Branch


You were on level 9 of the Dungeon.
You worshipped Gozag.
Gozag was aware of your devotion.
You visited 2 branches of the dungeon, and saw 10 of its levels.

You collected 1007 gold pieces.
You spent 476 gold pieces at shops.
You paid 58 gold pieces to Gozag.

Inventory:

Hand Weapons
 h - a +1 vorpal flail (weapon)
Missiles
 r - 3 javelins (quivered)
Armour
 c - a +0 buckler (worn)
 z - a +0 plate armour (worn)
Jewellery
 f - a +6 ring of strength (right hand)
 x - a +6 ring of strength (left hand)
Wands
 o - a wand of quicksilver (7)
Scrolls
 a - a scroll of magic mapping
 b - a scroll of summoning
 j - 2 scrolls of fear
 l - 2 scrolls of identify
 m - a scroll of teleportation
 n - a scroll of amnesia
 q - 2 scrolls of poison
 s - 2 scrolls of enchant weapon
 y - 3 scrolls of blinking
Potions
 d - 5 potions of might
 e - a potion of cancellation
 g - a potion of mutation
 i - 6 potions of curing
 k - 2 potions of lignification
 p - 4 potions of heal wounds
 v - 2 potions of berserk rage
 w - a potion of invisibility


   Skills:
 + Level 6.8 Fighting
 - Level 11.4 Maces & Flails
 + Level 6.8 Armour
 - Level 3.2 Shields


You had 8 spell levels left.
You didn't know any spells.
Your spell library contained the following spells:

 Spells                   Type           Power      Damage    Failure   Level
 Apportation              Tloc           0%         N/A       95%         1
 Foxfire                  Conj/Fire      0%         2x1d4     95%         1
 Conjure Flame            Conj/Fire      0%         6-21      100%        3
 Frozen Ramparts          Ice            0%         1d1       100%        3
 Gell's Gravitas          Tloc           0%         N/A       100%        3
 Inner Flame              Hex/Fire       0%         N/A       100%        3
 Teleport Other           Tloc           0%         N/A       100%        3
 Flame Wave               Conj/Fire      0%         2d4       100%        4
 Ice Form                 Ice/Tmut       0%         N/A       100%        4
 Summon Ice Beast         Ice/Summ       0%         N/A       100%        4
 Alistair's Intoxication  Tmut/Pois      0%         N/A       100%        5
 Dispersal                Tloc           0%         N/A       100%        6


Dungeon Overview and Level Annotations

Branches:
Dungeon (9/15)             Temple (1/1) D:4
   Lair: D:8-11         Orc: D:9-12

Altars:
Ashenzari
Cheibriados
Dithmenos
Elyvilon
Fedhas
Gozag
Hepliaklqana
Kikubaaqudgha
Makhleb
Nemelex Xobeh
Qazlal
Ru
Sif Muna
Trog
Uskayaw
Vehumet
Wu Jian
Xom
Yredelemnul
Zin
The Shining One

Shops:
D:5 :   D:8 !!(((


Innate Abilities, Weirdness & Mutations

You are immune to sickness and miasma.
Your stone body is resilient. (AC +6)
You are immune to poison.
You resist negative energy. (rN+)
You are resistant to electric shocks. (rElec)
You are resistant to unholy torment.
You are immune to petrification.
Your mind is acute. (Int +4, Str/Dex -1)


Message History

The hornet is almost dead.
The hornet stings you!
* * * LOW HITPOINT WARNING * * *
You are too injured to fight recklessly!
You are too injured to fight recklessly!
You are too injured to fight recklessly!
You closely miss the hornet.
The hornet is almost dead.
The hornet stings you but does no damage.
You sock the hornet!
You kill the hornet!
Found a stone staircase leading down.
You now have 473 gold pieces (gained 8).
You start resting.
HP restored.
A two-headed ogre comes into view.
It is wielding a +0 giant club and a +0 giant spiked club.
Aiming: Quicksilver Bolt
Press: ? - help, Shift-Dir - straight line, f - two-headed ogre
Aim: a two-headed ogre, wielding a +0 giant club and a +0 giant spiked club (86% to hit)
The bolt of dispelling energy hits the two-headed ogre!
The two-headed ogre is moderately wounded.
Aiming: Quicksilver Bolt
Press: ? - help, Shift-Dir - straight line, f/p - two-headed ogre
Aim: a two-headed ogre, wielding a +0 giant club and a +0 giant spiked club (moderately wounded, 86% to hit)
The bolt of dispelling energy hits the two-headed ogre!
The two-headed ogre is heavily wounded.
The two-headed ogre hits you with a +0 giant club!!
The two-headed ogre hits you but does no damage.
You hit the two-headed ogre.
The two-headed ogre is heavily wounded.
Unknown command.
You hit the two-headed ogre.
The two-headed ogre is severely wounded.
You block the two-headed ogre's attack.
The two-headed ogre hits you with a +0 giant spiked club!
You completely miss the two-headed ogre.
The two-headed ogre is severely wounded.
The two-headed ogre hits you with a +0 giant club!!
You die...
Your body crumbles into a pile of gold.

.... .#.# ...#
### ...# # #..
...# #.#.# ...#
#.#.#####O..#
#.......@...#
######.#####...#
....#...#####..#
#........>...#
###...######.#
##.<...# .#
#####.# # #


You could see a two-headed ogre.

Vanquished Creatures
  Pikel (D:4)
  A troll (D:7)
  2 hornets
  A steam dragon (D:8)
  A water moccasin (D:7)
  An orc warrior (D:7)
  An ice beast (D:5)
  2 ogres
  2 centaurs (D:7)
  A lemure (D:4)
  2 phantoms (D:4)
  4 necrophages
  2 scorpions
  5 wights (D:8)
  A howler monkey (D:6)
  2 gnoll boudas
  5 orc priests
  A hound (D:4)
  2 orc wizards (D:6)
  13 gnolls
  4 adders
  A shadow imp (D:5)
  3 white imps
  4 ufetubi
  5 worms
  A dart slug (D:3)
  13 orcs
  5 ball pythons
  7 bats
  10 endoplasms
  3 giant cockroaches
  12 goblins
  6 hobgoblins
  5 jackals
  3 quokkas
  2 frilled lizards
  4 kobolds
  5 rats
143 creatures vanquished.

Vanquished Creatures (others)
  An orc (D:8)
1 creature vanquished.

Grand Total: 144 creatures vanquished

Notes
Turn   | Place    | Note
-------+----------+-------------------------------------------
     0 | D:1      | Doomgape the Gargoyle Fighter began the quest for the Orb.
     0 | D:1      | Reached XP level 1. HP: 14/14 MP: 1/1
   177 | D:1      | Reached XP level 2. HP: 19/19 MP: 2/2
   235 | D:1      | Reached skill level 3 in Maces & Flails
   613 | D:1      | Reached XP level 3. HP: 22/23 MP: 3/3
   749 | D:1      | Found a faded altar of an unknown god.
  1118 | D:2      | Reached skill level 4 in Maces & Flails
  1541 | D:3      | Reached XP level 4. HP: 23/28 MP: 4/4
  1668 | D:3      | Noticed a necrophage
  1686 | D:3      | Killed a necrophage
  1687 | D:3      | Reached skill level 5 in Maces & Flails
  1687 | D:3      | Reached XP level 5. HP: 19/32 MP: 5/5
  2286 | D:4      | Found a sparkling altar of Nemelex Xobeh.
  2398 | D:4      | Noticed a lemure
  2398 | D:4      | Noticed a lemure
  2399 | D:4      | Noticed Pikel
  2401 | D:4      | Noticed a lemure
  2402 | D:4      | Noticed a lemure
  2407 | D:4      | Killed a lemure
  2415 | D:4      | Paralysed by Pikel for 5 turns
  2426 | D:4      | Killed Pikel
  2427 | D:4      | Reached skill level 8 in Maces & Flails
  2427 | D:4      | Reached XP level 6. HP: 4/37 MP: 6/6
  2427 | D:4      | Reached XP level 7. HP: 4/41 MP: 7/7
  2435 | D:4      | Gained mutation: Your spells are a little easier to cast,
                  | but a little less powerful. [potion of mutation]
  2435 | D:4      | Lost mutation: Your spells are a little easier to cast, but
                  | a little less powerful. [potion of mutation]
  2435 | D:4      | Gained mutation: Your mind is acute. (Int +4, Str/Dex -1)
                  | [potion of mutation]
  2733 | D:4      | Found a staircase to the Ecumenical Temple.
  2745 | Temple   | Entered the Ecumenical Temple
  3136 | Temple   | Became a worshipper of Gozag Ym Sagoz the Greedy
  3796 | D:4      | Reached skill level 9 in Maces & Flails
  3796 | D:4      | Reached XP level 8. HP: 20/46 MP: 8/8
  4904 | D:5      | Entered Level 5 of the Dungeon
  5342 | D:5      | Found Acep's Book Shoppe.
  5464 | D:5      | Reached skill level 10 in Maces & Flails
  6554 | D:7      | Reached skill level 11 in Maces & Flails
  6835 | D:7      | Reached XP level 9. HP: 51/51 MP: 9/9
  7397 | D:8      | Found Michu's Weapon Shop.
  7407 | D:8      | Bought a +1 vorpal flail for 146 gold pieces
  7463 | D:8      | Noticed a hornet
  7472 | D:8      | Killed a hornet
  7519 | D:8      | Noticed a troll
  7533 | D:7      | Killed a troll
  7534 | D:7      | Reached skill level 5 in Fighting
  7534 | D:7      | Reached skill level 5 in Armour
  7906 | D:8      | Found Olyar's Distillery.
  7915 | D:8      | Bought a potion of might for 48 gold pieces
  7915 | D:8      | Bought a potion of might for 48 gold pieces
  7915 | D:8      | Bought a potion of heal wounds for 60 gold pieces
  7915 | D:8      | Bought a potion of curing for 36 gold pieces
  7915 | D:8      | Bought a potion of might for 48 gold pieces
  8123 | D:8      | Found Susoeppu's Weapon Shop.
  8243 | D:8      | Found Nesuodgh's Distillery.
  8257 | D:8      | Bought a potion of curing for 30 gold pieces
  8257 | D:8      | Bought a potion of curing for 30 gold pieces
  8257 | D:8      | Bought a potion of curing for 30 gold pieces
  8363 | D:8      | Found Qite's Antique Weapon Shoppe.
  8536 | D:9      | Noticed a hornet
  8548 | D:9      | Killed a hornet
  8774 | D:9      | Noticed a two-headed ogre
  8779 | D:9      | Slain by a two-headed ogre

Illustrated notes

Levels and vault maps discovered:
D:1:      minmay_arrival_shoal_huts, layout_rooms, serial_aquarium,
          aquarium_bridge_square [aquarium_subvault_wall,
          aquarium_subvault_wall, aquarium_subvault_bridge,
          aquarium_subvault_bridge], aquarium_bridge_island_small
          [aquarium_subvault_small_water, aquarium_subvault_bridge,
          aquarium_subvault_wall, aquarium_subvault_bridge,
          aquarium_subvault_wall], aquarium_window_fake, aquarium_window_fake,
          aquarium_window_1, aquarium_view_2c, aquarium_view_2b,
          aquarium_pool_split, ebering_ecumenical_altar_petrified,
          minmay_misc_feat_alley, chequers_serial_rivers_micro_e,
          minmay_fountain_box, bh_walls_and_bars
D:2:      layout_rooms
D:3:      layout_loops_ring
D:4:      minmay_razor_zed, layout_basic, mainiacjoe_overflow_boulevard,
          minmay_temple_entry_sparse_star, grunt_decor_clamped,
          minmay_misc_feat_nine_boxes, nicolae_zen_rock_garden, uniq_pikel
D:5:      layout_rooms, serial_shops, shop
D:6:      layout_rooms, kennysheep_small_spiral
D:7:      layout_rooms, enter_bailey_5
D:8:      layout_cave_pools, serial_shops, kennysheep_mini, shop,
          nicolae_shop_bloodbath_and_beyond, shop, shop
D:9:      layout_loops_ring, dpeg_oklobed_lair, serial_shops,
          nicolae_shop_waterfront, nrook_mini_backslash,
          nicolae_diode_intersection
Temple:   mainiacjoe_temple_cubbyholes

Skill      XL: |  1  2  3  4  5  6  7  8  9 |
---------------+----------------------------+-----
Maces & Flails | 3 4 5 8 9 11 | 11.4
Fighting       | 6 |  6.8
Armour         | 6 |  6.8
Shields        | |  3.2

Action                   |  1- 3 |  4- 6 |  7- 9 || total
-------------------------+-------+-------+-------++-------
Melee: Flail             |   119 |    63 |   361 ||   543
       Unarmed           |       |       |     1 ||     1
Throw: Throwing net      |       |       |     1 ||     1
Evoke: Wand              |       |     4 |    11 ||    15
  Use: Scroll            |     6 |       |    14 ||    20
       Potion            |       |     1 |     3 ||     4
 Stab: Held in net/web   |       |       |     1 ||     1
       Paralysed         |       |       |    10 ||    10
Armor: Scale mail        |    90 |    21 |    81 ||   192
       Chain mail        |       |       |    18 ||    18
       Plate armour      |       |       |    66 ||    66
Dodge: Dodged            |    60 |    22 |   133 ||   215
Block: Buckler           |    24 |     7 |    52 ||    83
